Map: Catalyst LE

Players

Optimus - Winner!

  • Race: Terran Terran
  • Spawn Location: 11:00

Bistork

  • Race: Protoss Protoss
  • Spawn Location: 5:00

Event: IEM Season 12 - Katowice

VOD

Have the link to the VOD?

Description

Time

  • Played on: Feb. 26, 2018, 10:23 a.m.
  • Length: 11:50

All games in this series

Show
View Real Time Build Order
Export as new Build Order

Optimus Terran - Winner!

Build Orders: Gas First Reaper Expand, Reaper Expand, MMM Bio 

Get SALT Encoding   

  12  0:00  SCV  
  13  0:12  SCV  
  14  0:17  Supply Depot  
  14  0:24  SCV  
  15  0:28  Refinery  
  15  0:38  SCV  
  16  0:45  Barracks  
  16  0:50  SCV  
  17  1:03  SCV  
  18  1:15  SCV  
  19  1:33  Reaper, Orbital Command  
  20  1:46  Command Center  
  20  1:59  Factory  
  20  2:02  SCV  
  20  2:06  Barracks Reactor  
  21  2:14  SCV  
  22  2:19  Supply Depot  
  22  2:23  Refinery  
  22  2:26  SCV  
  23  2:40  SCV  
  24  2:52  SCV  
  25  3:02  Orbital Command  
  25  3:03  Cyclone  
  25  3:04  Cyclone, SCV  
  32  3:06  Marine  
  33  3:17  SCV  
  34  3:23  Marine  
  35  3:28  SCV  
  35  3:29  SCV  
  37  3:37  Supply Depot  
  37  3:38  Cyclone  
  37  3:40  SCV  
  37  3:41  Cyclone  
  44  3:46  Barracks Tech Lab  
  44  3:47  SCV  
  45  3:52  SCV  
  46  4:00  SCV  
  46  4:01  Barracks  
  47  4:03  Barracks  
  47  4:04  SCV  
  47  4:07  Marine  
  47  4:08  Stimpack  
  49  4:12  SCV  
  49  4:16  SCV  
  51  4:19  Supply Depot  
  51  4:23  Factory Tech Lab  
  51  4:24  SCV  
  51  4:25  Marine  
  51  4:28  SCV  
  51  4:30  Bunker  
  54  4:36  Engineering Bay  
  54  4:40  SCV x2  
  55  4:51  Marine  
  56  4:52  Starport  
  56  4:53  SCV x2  
  56  4:54  Refinery  
  56  4:55  Supply Depot  
  56  4:58  Factory Reactor  
  58  5:00  Marine x2  
  58  5:04  Terran Infantry Weapons Level 1  
  58  5:05  SCV x2  
  59  5:17  SCV  
  59  5:19  Marine x2, Marauder x2  
  59  5:20  SCV  
  66  5:22  Barracks  
  66  5:23  Barracks  
  66  5:29  SCV  
  66  5:32  SCV  
  68  5:37  Marine x2  
  68  5:40  Factory Reactor  
  68  5:41  SCV  
  70  5:43  Refinery  
  70  5:48  Supply Depot x2  
  70  5:50  Supply Depot  
  70  5:51  Missile Turret  
  70  5:52  SCV, Marauder x2  
  70  5:55  Marine x2  
  78  6:07  Supply Depot  
  78  6:08  Combat Shields  
  78  6:09  Medivac x2  
  78  6:10  Barracks Reactor  
  81  6:11  Barracks Tech Lab  
  81  6:13  Marine x2  
  81  6:14  Supply Depot  
  83  6:19  Marauder  
  83  6:21  Marauder  
  83  6:25  Widow Mine x2  
  91  6:31  Marauder  
  93  6:36  Supply Depot  
  93  6:37  Marine x2  
  95  6:40  Marauder  
  95  6:42  Marauder  
  103  6:47  Widow Mine x2  
  103  6:52  Medivac x2  
  107  6:54  Marine x2  
  107  6:55  Marine x2  
  107  6:59  Supply Depot  
  113  7:01  Marauder  
  113  7:03  Terran Infantry Armor Level 1  
  112  7:12  Widow Mine x2  
  112  7:13  Marine x3  
  112  7:14  Marine  
  120  7:18  Supply Depot  
  120  7:19  Marauder  
  120  7:22  Marauder  
  124  7:23  SCV  
  125  7:33  Marine x2  
  125  7:34  Marauder  
  125  7:36  Marine x2  
  131  7:40  Liberator x2  
  131  7:41  Marauder  
  126  7:54  Marine x2, Marauder  
  126  7:55  Marauder  
  128  8:02  Marauder  
  128  8:03  Supply Depot  
  127  8:10  Marine  
  127  8:11  Widow Mine x2, Marine  
  133  8:14  Marine  
  133  8:16  Marauder x2  
  133  8:18  Marine  
  139  8:23  Marine  
  139  8:24  Liberator  
  128  8:34  Liberator  
  128  8:35  Marine x2, Command Center, Concussive Shells  
  128  8:41  Marine x2  
  121  8:42  Marauder  
  121  8:48  Marauder  
  132  8:53  Marine  
  131  8:57  Marine  
  131  8:59  Widow Mine, Marine  
  131  9:00  Widow Mine  
  135  9:06  Marauder x2  
  139  9:11  SCV x2  
  139  9:13  Marine  
  139  9:14  Marine  
  143  9:18  Marine  
  143  9:20  Widow Mine  
  143  9:23  SCV  
  147  9:28  Medivac  
  149  9:37  Medivac  
  149  9:38  Marine, Marauder  
  150  9:47  Marine, Marauder  
  150  9:48  Orbital Command  
  150  9:52  Marauder  
  153  9:55  SCV  
  153  9:59  Marauder  
  142  10:08  Marine x2  
  142  10:09  Marauder  
  142  10:11  SCV x2, Marine x2  
  142  10:13  Orbital Command, Marauder  
  151  10:15  Medivac  
  151  10:18  Widow Mine  
  155  10:23  Marauder  
  155  10:33  Widow Mine, Medivac  
  155  10:34  Marine x2  
  162  10:35  SCV  
  162  10:37  SCV  
  162  10:39  Widow Mine  
  165  10:49  Supply Depot  
  165  10:57  Marine x7  
  152  11:09  Medivac x2  
  140  11:15  Marine x6  
  140  11:16  Marauder  
  129  11:28  Engineering Bay  
  129  11:29  Missile Turret  
  129  11:30  Armory  
Show
View Real Time Build Order
Export as new Build Order

Bistork Protoss 

Build Orders: 1 Gate Expand, Colossus Rush 

Get SALT Encoding   

  12  0:00  Probe  
  13  0:13  Probe  
  14  0:17  Pylon  
  14  0:25  Probe (Chrono Boost)  
  15  0:37  Probe (Chrono Boost)  
  15  0:41  Gateway  
  16  0:44  Probe (Chrono Boost)  
  16  0:46  Assimilator  
  17  0:51  Probe  
  18  1:03  Probe  
  19  1:22  Nexus  
  19  1:26  Probe  
  20  1:35  Cybernetics Core  
  20  1:38  Probe  
  21  1:44  Assimilator  
  21  1:55  Probe, Pylon  
  22  2:07  Probe  
  23  2:10  Stalker (Chrono Boost)  
  23  2:13  Warp Gate  
  25  2:19  Probe  
  26  2:28  Robotics Facility  
  26  2:37  Stalker  
  26  2:40  Probe  
  26  2:42  Probe  
  30  2:53  Probe  
  30  2:56  Probe  
  32  3:05  Probe  
  32  3:08  Probe  
  32  3:09  Gateway  
  33  3:17  Probe  
  33  3:19  Immortal (Chrono Boost)  
  34  3:25  Probe  
  39  3:32  Robotics Bay  
  39  3:38  Pylon  
  39  3:44  Probe  
  39  3:47  Probe  
  39  3:48  Warp Prism (Chrono Boost)  
  43  3:57  Probe  
  43  3:58  Shield Battery  
  45  4:02  Probe  
  45  4:08  Assimilator  
  45  4:09  Probe, Pylon  
  46  4:15  Probe  
  47  4:17  Observer (Chrono Boost)  
  47  4:22  Probe  
  49  4:26  Stalker  
  49  4:27  Probe  
  49  4:28  Stalker  
  54  4:35  Observer (Chrono Boost)  
  54  4:37  Pylon, Assimilator  
  55  4:44  Probe  
  54  4:46  Pylon  
  54  4:47  Probe  
  51  4:56  Probe  
  51  4:58  Colossus (Chrono Boost)  
  58  5:03  Stalker  
  58  5:04  Stalker  
  62  5:10  Pylon  
  62  5:11  Probe  
  63  5:18  Probe  
  63  5:19  Extended Thermal Lance  
  64  5:26  Probe  
  65  5:30  Probe  
  66  5:38  Probe  
  67  5:43  Nexus  
  67  5:44  Pylon  
  67  5:45  Colossus (Chrono Boost)  
  73  5:56  Probe x2, Forge  
  75  6:01  Twilight Council  
  75  6:05  Sentry  
  75  6:07  Sentry  
  75  6:10  Gateway  
  79  6:15  Gateway  
  79  6:18  Gateway  
  79  6:24  Gateway  
  79  6:32  Pylon  
  79  6:33  Charge (Chrono Boost)  
  79  6:36  Colossus (Chrono Boost)  
  85  6:40  Protoss Ground Armor Level 1 (Chrono Boost)  
  85  6:53  Gateway  
  85  6:58  Zealot x2  
  89  7:06  Pylon  
  89  7:17  Stalker x3  
  89  7:19  Disruptor (Chrono Boost)  
  98  7:38  Zealot x3  
  102  7:55  Zealot x2  
  102  7:56  Zealot  
  106  8:00  Blink (Chrono Boost)  
  106  8:09  Zealot x4  
  106  8:10  Disruptor  
  117  8:14  Protoss Ground Weapons Level 1 (Chrono Boost), Gateway  
  117  8:19  Pylon  
  117  8:25  Pylon  
  117  8:27  Pylon  
  117  8:34  Zealot x3  
  117  8:35  Probe  
  117  8:36  Probe  
  117  8:37  Probe  
  117  8:38  Zealot x4  
  112  8:52  Probe x2  
  112  8:53  Probe  
  109  9:04  Zealot x7  
  123  9:26  Stalker x5  
  133  9:38  Pylon  
  123  9:39  Zealot x2  
  123  9:40  Pylon  
  121  9:49  Pylon  
  107  10:06  Colossus (Chrono Boost)  
  101  10:09  Pylon  
  101  10:10  Stalker x2  
  101  10:12  Pylon  
  109  10:21  Pylon  
  109  10:25  Probe x2, Pylon  
  109  10:27  Probe  
  110  10:32  Templar Archives  
  108  10:48  Stalker x7  
  75  11:12  Stalker x4  
  75  11:14  Stalker  
  60  11:30  Stalker x2  
  55  11:38  Sentry  
  55  11:39  Sentry  

Tags
 
Add a new tag
Caveats
  • Supply blocks, unpowered buildings, or Contaminate may cause inaccurate times.
  • Supply counts are checked every 10 seconds.